 Dungeon Crawl Stone Soup version 0.22.1-2-g9c5b331 (webtiles) character file.

46 Goblin1989 the Sneak (level 3, -4/24 HPs)
             Began as an Octopode Assassin on Dec 27, 2018.
             Slain by a goblin
             ... wielding a +1 dagger of electrocution
             ... led by Robin
              (14 damage)
             ... on level 2 of the Dungeon.
             The game lasted 00:01:56 (1312 turns).

Goblin1989 the Sneak (Octopode Assassin)            Turns: 1312, Time: 00:01:58

Health: -4/24      AC:  1    Str: 10    XL:     3   Next: 68%
Magic:  3/3        EV: 13    Int: 13    God:
Gold:   50         SH:  0    Dex: 14    Spells: 2/2 levels left

rFire    . . .     SeeInvis .   a - +2 dagger
rCold    . . .     Gourm    .   (no shield)
rNeg     . . .     Faith    .   (helmet restricted)
rPois    .         Spirit   .   (no amulet)
rElec    .         Reflect  .   (no ring)
rCorr    .         Harm     .   (no ring)
MR       .....                  (no ring)
Stlth    +++++.....             (no ring)
HPRegen  0.08/turn              (no ring)
MPRegen  0.08/turn              (no ring)
                                (no ring)
                                (no ring)

@: no status effects
A: almost no armour, stealthy swim, amphibious, 8 rings, constrict 8, camouflage
1, gelatinous body 1
a: no special abilities


You were on level 2 of the Dungeon.
You were not hungry.

You visited 1 branch of the dungeon, and saw 2 of its levels.

You collected 50 gold pieces.

Inventory:

Hand Weapons
 a - a +2 dagger (weapon)
 w - a +0 blowgun {@w1}
 x - a +0 hunting sling
Missiles
 c - 8 poisoned needles
 d - 2 curare-tipped needles
 z - 24 stones (quivered) {@Q3}
 A - 17 sling bullets
Scrolls
 y - a scroll of identify {unknown}
Potions
 v - a potion of brilliance {unknown}
Comestibles
 e - 3 rations


   Skills:
 - Level 2.0 Fighting
 - Level 2.0 Short Blades
 - Level 2.0 Throwing
 - Level 1.0 Dodging
 + Level 7.3 Stealth


You had 2 spell levels left.
You didn't know any spells.
Your spell library was empty.

Dungeon Overview and Level Annotations

Branches:
Dungeon (2/15)

Altars:
Hepliaklqana

Annotations:
D:2 Robin


Innate Abilities, Weirdness & Mutations

You cannot wear most types of armour.
You are very stealthy in the water. (Stealth+)
You are amphibious.
You can wear up to eight rings at the same time.
You can use your tentacles to constrict eight enemies at once.
Your skin changes colour to match your surroundings (Stealth+).
Your rubbery body absorbs attacks. (AC +1, EV +1)


Message History

The stone closely misses the goblin.
Things that are here:
a dagger; a goblin corpse You hit the goblin.
You grab the goblin.
The goblin is moderately wounded.
You constrict the goblin. Robin throws the goblin at you!
The goblin closely misses you. The goblin barely misses you.
You take 4 damage, and have 19/24 hp.
You hit the goblin. You squeeze the goblin.
You kill the goblin!
The goblin barely misses you.
You see here a giant cockroach corpse.
You see here 2 stones {@Q3}.
The goblin shoots a stone.
The stone barely misses you.
Things that are here:
a stone; a club; a goblin corpse 2 goblins come into view.
A goblin is wielding a dagger of electrocution.
The goblin shouts!
You don't know any spells.
Unknown command.
You don't know any spells.
The goblin no longer looks unusually strong.
There is a hazy altar of Hepliaklqana here.
You see here a dagger.
You hit the goblin. You grab the goblin.
The goblin is moderately wounded.
You constrict the goblin. The goblin completely misses you.
Robin roars a battlecry!
The goblins go into a battle-frenzy!
You hit the goblin.
You kill the goblin!
You barely miss the goblin. You grab the goblin. You constrict the goblin.
The goblin unwields an uncursed hunting sling.
The goblin wields an uncursed club.
The goblin barely misses you. Robin throws the goblin at you!
The goblin barely misses you.
You hit the goblin. You squeeze the goblin.
You kill the goblin!
You barely miss the goblin.
The goblin shouts!
You grab the goblin. You squeeze the goblin.
The goblin is heavily wounded.
You constrict the goblin. The goblin closely misses you.
The goblin hits you with a club!
You are too injured to fight recklessly!
You are too injured to fight recklessly!
You are too injured to fight recklessly!
You are too injured to fight recklessly!
You take 8 damage, and have 12/24 hp.
MASSIVE DAMAGE!!
You are too injured to fight recklessly!
You are too injured to fight recklessly!
You are too injured to fight recklessly!
You are too injured to fight recklessly!
You are too injured to fight recklessly!
You are too injured to fight recklessly!
You are too injured to fight recklessly!
You are too injured to fight recklessly!
You are too injured to fight recklessly!
You are too injured to fight recklessly!
You are too injured to fight recklessly!
You are too injured to fight recklessly!
You are too injured to fight recklessly!
You are too injured to fight recklessly!
You are too injured to fight recklessly!
You are too injured to fight recklessly!
You are too injured to fight recklessly!
You are too injured to fight recklessly!
You are too injured to fight recklessly!
You are too injured to fight recklessly!
You are too injured to fight recklessly!
You are too injured to fight recklessly!
You are too injured to fight recklessly!
You are too injured to fight recklessly!
You are too injured to fight recklessly!
You barely miss the goblin. Your squeeze misses the goblin.
The goblin is severely wounded.
You constrict the goblin.
You kill the goblin!
The goblin hits you but does no damage. Robin throws the goblin at you!
You hit the goblin.
You kill the goblin!
Items here: )) †† a club x2; a goblin corpse x2
There is an open door here.
The goblin no longer looks unusually strong.
There is an open door here.
You hit the goblin. You grab the goblin.
The goblin is severely wounded.
You constrict the goblin.
You kill the goblin!
Robin throws the goblin at you!
Things that are here:
a club; a goblin corpse The goblin no longer looks unusually strong.
Robin closely misses you.
The goblin hits you with a dagger of electrocution.
* * * LOW HITPOINT WARNING * * *
You are electrocuted!
Ouch! That really hurt!
You die... ██.....██ ████g█

██......)██ ██.██.█
███.........████...█.███
.∆.........∆)⌂gg.......
█.........████...█.███
██.......██ ██.██.█
██.....██ ████.█ ██..g██
..█


██@██ ███ █g█ ████████.█ █......█.██ █.████....██ █.....███ █<........
█.█..█████ .....█ You could see Robin and a goblin.

Vanquished Creatures
  An adder (D:2)
  An ooze (D:2)
  A leopard gecko (D:1)
  2 giant cockroaches
  11 goblins
  4 hobgoblins (D:1)
  A ball python (D:2)
  5 frilled lizards (D:1)
  5 kobolds
  A rat (D:2)
32 creatures vanquished.

Notes
Turn   | Place    | Note
-------+----------+-------------------------------------------
     0 | D:1      | Goblin1989 the Octopode Assassin began the quest for the
                  | Orb.
     0 | D:1      | Reached XP level 1. HP: 14/14 MP: 1/1
   337 | D:1      | Reached XP level 2. HP: 19/19 MP: 2/2
   355 | D:1      | Reached skill level 6 in Stealth
  1162 | D:2      | Reached XP level 3. HP: 24/24 MP: 3/3
  1181 | D:2      | Reached skill level 7 in Stealth
  1247 | D:2      | Found a hazy altar of Hepliaklqana.
  1271 | D:2      | Noticed Robin
  1312 | D:2      | Slain by a goblin

Skill      XL: |  1  2  3 |
---------------+----------+-----
Stealth        | 6 7 |  7.3
Fighting       | |  2.0
Short Blades   | |  2.0
Throwing       | |  2.0
Dodging        | |  1.0

Action                   || total
-------------------------++-------
Melee: Dagger            ||    52
       Constrict         ||    16
       Tentacles         ||     7
 Stab: Sleeping          ||    12
  Eat: Chunk             ||     1
Armor: Skin              ||     2
Dodge: Dodged            ||    30

Vault maps used:
D:1:      shiori_shiawase, serial_bayou_pond_a, hangedman_feature_mirror
D:2:      overflow_temple_1_default, uniq_robin, uniq_crazy_yiuf_cottage
